 Dungeon Crawl Stone Soup version 0.25-a0-576-g50b708a4c4 (webtiles) character file.

Game seed: 4600450888389138036, levelgen mode: deterministic

4319 Flugslaktarn the Cleaver (level 10, 0/92 HPs)
             Began as a Deep Dwarf Fighter on Mar 1, 2020.
             Was an Initiate of Makhleb.
             Slain by an earth elemental (7 damage)
             ... summoned by a deep elf mage
             ... on level 8 of the Dungeon.
             The game lasted 00:03:02 (3888 turns).

Flugslaktarn the Cleaver (Deep Dwarf Fighter)       Turns: 3888, Time: 00:03:03

Health: 0/92       AC: 14    Str: 22    XL:     10   Next: 11%
Magic:  3/3        EV:  5    Int: 10    God:    Makhleb [......]
Gold:   276        SH: 11    Dex: 12    Spells: 9/9 levels left

rFire    . . .     SeeInvis .   a - +0 war axe
rCold    . . .     Gourm    .   c - +0 kite shield
rNeg     . . .     Faith    .   A - +0 plate armour
rPois    .         Spirit   .   (no helmet)
rElec    .         Reflect  .   (no cloak)
rCorr    .         Harm     .   (no gloves)
MR       +....                  f - +0 pair of boots
Stlth    ..........             (no amulet)
HPRegen  0.00/turn              (no ring)
MPRegen  0.08/turn              (no ring)

@: marked, non-regenerating
A: damage resistance, heal wounds, sense surroundings 2, no regeneration
a: Heal Wounds, Renounce Religion


You were on level 8 of the Dungeon.
You worshipped Makhleb.
Makhleb was noncommittal.
You were not hungry.

You visited 2 branches of the dungeon, and saw 9 of its levels.
You also visited: Ossuary.

You collected 276 gold pieces.

Inventory:

Hand Weapons
 a - a +0 war axe (weapon)
Missiles
 B - 5 throwing nets (quivered)
Armour
 b - a +0 scale mail
 c - a +0 kite shield (worn)
 f - a +0 pair of boots (worn)
   (You found it on level 4 of the Dungeon)
 A - a +0 plate armour (worn)
   (You took it off an orc warrior on level 6 of the Dungeon)
Jewellery
 s - a +5 ring of strength {unknown}
   (You found it in an ossuary)
 u - a cursed ring of teleportation {unknown}
   (You found it in an ossuary)
 y - an uncursed amulet of the acrobat {unknown}
   (You found it on level 5 of the Dungeon)
 C - a +2 ring of evasion {unknown}
   (You found it on level 6 of the Dungeon)
 E - an uncursed ring of protection from cold {unknown}
   (You found it on level 7 of the Dungeon)
Wands
 k - a wand of acid (9)
   (You found it on level 4 of the Dungeon)
 G - a wand of enslavement (14)
   (You found it on level 7 of the Dungeon)
Scrolls
 g - 7 scrolls of identify {unknown}
 h - 2 scrolls of fog {unknown}
 i - 6 scrolls of teleportation {unknown}
 m - 6 scrolls of remove curse {unknown}
 n - 2 scrolls of noise {unknown}
 p - 2 scrolls of enchant weapon {unknown}
 t - a scroll of silence {unknown}
 v - 2 scrolls of amnesia {unknown}
 w - a scroll of magic mapping {unknown}
 z - a scroll of immolation {unknown}
 D - a scroll of enchant armour {unknown}
Potions
 d - a potion of might
 j - a potion of magic {unknown}
 l - 2 potions of heal wounds {unknown}
 o - 3 potions of curing {unknown}
 q - 4 potions of flight {unknown}
 r - a potion of invisibility {unknown}
 x - a potion of cancellation {unknown}
 H - a potion of stabbing {unknown}
 I - a potion of ambrosia {unknown}
Comestibles
 e - 9 rations
 F - a chunk of flesh


   Skills:
 + Level 6.5 Fighting
 * Level 10.3 Axes
 + Level 8.0 Armour
 + Level 7.9 Shields
 + Level 2.0 Invocations


You had 9 spell levels left.
You didn't know any spells.
Your spell library was empty.

Dungeon Overview and Level Annotations

Branches:
Dungeon (8/15)             Temple (1/1) D:5         Ossuary (visited)
   Lair: D:8-11

Altars:
Ashenzari
Fedhas
Hepliaklqana
Kikubaaqudgha
Makhleb
Nemelex Xobeh
Okawaru
Qazlal
Sif Muna
Trog
Vehumet
Wu Jian
Xom
Yredelemnul
Zin
The Shining One

Shops:
D:4 *

Annotations:
D:8 Prince Ribbit


Innate Abilities, Weirdness & Mutations

You are resistant to damage.
You can heal yourself by infusing magical energy.
You passively map the area around you.
You do not regenerate.


Message History

You are too injured to fight recklessly!
You are too injured to fight recklessly!
You are too injured to fight recklessly!
You are too injured to fight recklessly!
You are too injured to fight recklessly!
You are too injured to fight recklessly!
You slash the deep elf mage!
The deep elf mage is severely wounded.
You hit the earth elemental.
You hit the earth elemental but do no damage.
You block the deep elf mage's attack. The earth elemental hits you!!
* * * LOW HITPOINT WARNING * * *
You block the earth elemental's attack.
You miss the deep elf mage.
The deep elf mage is severely wounded.
You hit the earth elemental but do no damage.
You hit the earth elemental.
Prince Ribbit disappears!
The deep elf mage hits you but does no damage.
The earth elemental hits you!
You die...

#.# ####......#.......# #.#
#.....#.#...#.#.#.# #.##
#.###...........).##
#..######.#####.###.#.###...
##..................#.# #.##
#..###########..####.# #.##
#..# ,+=.P'..#..# #.###..#
#..# +...E..#.## #.......
#..# +?.E@e.#.# ##..#.#.
#..# #+++#..#.# #...... #..#
, #..#.# #..#.#. #..#, ,
#).#.# #...... #..# ,#,,
#ยง.#.# ##.#.#. #.. #..#.#
#..... .#...#..#.# ###### ,
..8/..8..#.# ,,...........#


You could see 2 earth elementals and a deep elf mage.

Vanquished Creatures
  Harold (D:8)
  Erica (D:8)
  Pikel (D:8)
  2 steam dragons (D:7)
  An orc warrior (D:6)
  A black bear (D:7)
  An ice beast (D:7)
  3 ogres
  3 centaurs
  A wyvern zombie (D:6)
  3 bullfrogs
  2 wyvern skeletons
  10 scorpions
  2 howler monkeys
  A bullfrog zombie (D:6)
  2 crimson imps
  2 centaur zombies (Ossuary)
  4 jellies
  A gnoll shaman (D:8)
  5 hounds
  An orc priest (D:6)
  An orc wizard (D:6)
  2 centaur skeletons
  7 worker ants
  2 big kobold zombies (Ossuary)
  4 mummies
  A worker ant zombie (D:7)
  10 gnolls
  7 adders
  5 scorpion zombies (Ossuary)
  2 shadow imps
  5 oozes (D:8)
  An adder skeleton (D:8)
  An adder zombie (D:5)
  3 leopard geckos
  5 orcs
  2 bats
  A giant cockroach (D:4)
  A gnoll zombie (Ossuary)
  2 goblins (D:2)
  6 jackals
  2 kobolds
  2 quokkas (D:7)
  2 frilled lizards
  2 goblin zombies (Ossuary)
  3 hobgoblin zombies (Ossuary)
  2 kobold zombies (Ossuary)
  3 orc zombies (Ossuary)
  2 quokka zombies
  A rat (D:1)
135 creatures vanquished.

Vanquished Creatures (others)
  A hound (D:8)
  A leopard gecko zombie (D:8)
  5 fungi (D:7)
7 creatures vanquished.

Grand Total: 142 creatures vanquished

Notes
Turn   | Place    | Note
-------+----------+-------------------------------------------
     0 | D:1      | Flugslaktarn the Deep Dwarf Fighter began the quest for the
                  | Orb.
     0 | D:1      | Reached XP level 1. HP: 20/20 MP: 1/1
   146 | D:2      | Reached XP level 2. HP: 22/27 MP: 2/2
   231 | D:3      | Found a glowing silver altar of Zin.
   327 | D:4      | Reached skill level 3 in Axes
   327 | D:4      | Reached XP level 3. HP: 26/34 MP: 3/3
   330 | D:4      | Noticed a bullfrog
   333 | D:4      | Killed a bullfrog
   333 | D:4      | Reached XP level 4. HP: 32/42 MP: 4/4
   648 | D:4      | Found Ubliu's Assorted Antiques.
   663 | D:4      | Noticed an ogre
   676 | D:4      | Killed an ogre
   676 | D:4      | Reached skill level 4 in Axes
   676 | D:4      | Reached XP level 5. HP: 44/49 MP: 4/4
   743 | D:4      | Found a sand-covered staircase.
   790 | Ossuary  | Entered an ossuary
   826 | Ossuary  | Reached XP level 6. HP: 48/57 MP: 5/5
   858 | Ossuary  | Reached skill level 5 in Axes
   935 | Ossuary  | Reached XP level 7. HP: 45/64 MP: 6/6
   955 | Ossuary  | Reached skill level 5 in Armour
   955 | Ossuary  | Reached skill level 5 in Shields
  1030 | Ossuary  | Reached skill level 6 in Axes
  1202 | D:5      | Entered Level 5 of the Dungeon
  1233 | D:5      | Found a shattered altar of Ashenzari.
  1320 | D:5      | Reached XP level 8. HP: 41/73 MP: 6/6
  1326 | D:5      | Found a staircase to the Ecumenical Temple.
  1332 | Temple   | Entered the Ecumenical Temple
  1562 | D:5      | Found an ornate altar of the Wu Jian Council.
  1672 | D:5      | Reached skill level 7 in Axes
  1970 | D:6      | Reached skill level 5 in Fighting
  2009 | D:6      | Found a stormy altar of Qazlal.
  2058 | D:6      | Found a shimmering blue altar of Sif Muna.
  2367 | D:6      | Reached skill level 8 in Axes
  2626 | D:7      | Gained mutation: You passively map the area around you.
                  | [Deep Dwarf growth]
  2626 | D:7      | Reached XP level 9. HP: 39/81 MP: 4/4
  2794 | D:7      | Reached skill level 9 in Axes
  3095 | D:8      | Noticed Pikel
  3095 | D:8      | Noticed Erica
  3111 | D:8      | Killed Pikel
  3119 | D:8      | Killed Erica
  3381 | D:8      | Noticed Prince Ribbit
  3543 | D:8      | Found a burning altar of Makhleb.
  3559 | D:8      | Became a worshipper of Makhleb the Destroyer
  3564 | D:8      | Reached skill level 10 in Axes
  3814 | D:8      | Noticed Harold
  3845 | D:8      | Killed Harold
  3845 | D:8      | Reached XP level 10. HP: 59/92 MP: 2/4
  3875 | D:8      | Noticed a deep elf mage
  3888 | D:8      | Slain by an earth elemental

Levels and vault maps discovered:
D:1:      ncdulo_smallfort, layout_loops_ring
D:2:      layout_basic, grunt_temple_overflow_open
D:3:      layout_rooms, gammafunk_temple_overflow_wave, grunt_gozag_statues,
          lemuel_crystal_altar, elyvilon_altar_1
D:4:      layout_gridville, serial_shops, nicolae_shop_crystal,
          gup_ossuary_entry_pyramid
D:5:      lemuel_ice_spiral_2, layout_basic, ashenzari_conservatory_becter,
          lemuel_crystal_altar, temple_green, first_ration
D:6:      layout_rooms, nicolae_overflow_crystal_walls,
          nicolae_qazlal_general_emergency
D:7:      kennysheep_steamy, layout_loops_ring
D:8:      layout_basic, lemuel_doored_altar, serial_glass, glass_columns_a,
          glass_columns_a, glass_columns_a, glass_columns_a, glass_columns_a,
          glass_columns_b, glass_columns_c, glass_columns_a, glass_columns_b,
          glass_columns_b, glass_columns_c, glass_columns_a, glass_columns_a,
          glass_columns_b, hangedman_little_slice_of_home,
          guppyfry_early_elven_hall, uniq_harold, uniq_pikel,
          uniq_prince_ribbit1, uniq_erica
Temple:   compressed_dpeg_circular_temple

Skill      XL: |  1  2  3  4  5  6  7  8  9 |
---------------+----------------------------+-----
Fighting       | 3 4 5 6 |  6.5
Axes           | 3 4 5 6 8 10 | 10.3
Shields        | 4 5 6 7 |  7.9
Armour         | 4 5 6 8 |  8.0
Invocations    | 2 |  2.0

Action                   |  1- 3 |  4- 6 |  7- 9 | 10-12 || total
-------------------------+-------+-------+-------+-------++-------
Melee: War axe           |    43 |    86 |   495 |    17 ||   641
 Abil: Heal Wounds       |       |     3 |    26 |     3 ||    32
  Eat: Ration            |       |       |     1 |       ||     1
       Chunk             |       |       |     7 |     1 ||     8
Armor: Scale mail        |    16 |    37 |    80 |       ||   133
       Plate armour      |       |       |   168 |     5 ||   173
Dodge: Dodged            |    18 |    30 |   118 |       ||   166
Block: Kite shield       |    29 |    52 |   285 |     8 ||   374

Table legend:
 A = Non-vault XP
 B = Vault XP
 C = Vault XP percentage of total XP
 D = Non-vault monster count
 E = Vault monster count
 F = Vault count percentage of total count
                 A         B        C        D         E       F
            +---------+---------+-------+---------+---------+-------
      Total |    2951 |    3219 |  52.2 |      89 |      46 |  34.1
            +---------+---------+-------+---------+---------+-------
        D:1 |       5 |       0 |   0.0 |       3 |       0 |   0.0
        D:2 |      10 |       0 |   0.0 |       5 |       0 |   0.0
        D:3 |       2 |       0 |   0.0 |       1 |       0 |   0.0
        D:4 |     260 |      18 |   6.5 |       7 |       1 |  12.5
        D:5 |     512 |       0 |   0.0 |      23 |       0 |   0.0
        D:6 |     681 |       0 |   0.0 |      13 |       0 |   0.0
        D:7 |     825 |     366 |  30.7 |      20 |       2 |   9.1
        D:8 |     656 |    1928 |  74.6 |      17 |      11 |  39.3
    Ossuary |       0 |     907 | 100.0 |       0 |      32 | 100.0
            +---------+---------+-------+---------+---------+-------
